 Dungeon Crawl Stone Soup version 0.19-a0-981-gaae9137 (webtiles) character file.

15 4thArraOfDagon the Digger (level 2, -1/15 HPs)
             Began as a Kobold Earth Elementalist on July 14, 2016.
             Slain by a centaur (4 damage)
             ... on level 5 of the Dungeon.
             The game lasted 00:02:38 (391 turns).

4thArraOfDagon the Digger (KoEE)                     Turns: 391, Time: 00:02:39

Health: -1/15      AC:  5    Str:  6    XL:     2   Next: 65%
Magic:  0/5        EV: 15    Int: 11    God:
Gold:   25         SH:  0    Dex: 16    Spells: 1 memorised, 4 levels left

rFire  . . .     SeeInvis .       - Unarmed
rCold  . . .     Gourm    .     c - +0 robe
rNeg   . . .     Faith    .     (shield restricted)
rPois  .         Spirit   .     (no helmet)
rElec  .         Dismiss  .     j - +0 cloak
rCorr  .         Reflect  .     (no gloves)
SustAt .         Harm     .     k - +0 pair of boots
MR     .....                    (no amulet)
Stlth  ++........               (no ring)
                                (no ring)

@: flying, not resistant to hostile enchantments, unstealthy
A: molten scales 1, blurry vision 1, carnivore 3, dopey 1
a: no special abilities


You were on level 5 of the Dungeon.
You were very full.

You visited 1 branch of the dungeon, and saw 6 of its levels.

You collected 25 gold pieces.

Inventory:

Hand Weapons
 i - a +4 short sword
Missiles
 b - 44 stones (quivered)
Armour
 c - a +0 robe (worn)
 j - a +0 cloak (worn)
 k - a +0 pair of boots (worn)
Scrolls
 f - 2 scrolls of enchant armour {unknown}
 g - a scroll of fog {unknown}
 l - a scroll of enchant weapon {unknown}
Books
 e - a book of Geomancy

   Spells                             Type                      Level
   a - Sandblast                      Earth                        1
   b - Passwall                       Transmutation/Earth          2
   c - Stone Arrow                    Conjuration/Earth            3
   d - Petrify                        Transmutation/Earth          4
   e - Lee's Rapid Deconstruction     Earth                        5
Comestibles
 d - 2 meat rations


   Skills:
 - Level 2.4 Dodging
 - Level 2.6 Stealth
 * Level 1.4 Unarmed Combat
 - Level 2.0 Spellcasting
   Level 0.8 Transmutations
 * Level 3.3 Earth Magic


You had 4 spell levels left.
You knew the following spells:

 Your Spells              Type           Power        Failure   Level  Hunger
a - Sandblast             Erth           #.....       10%         1    ##.....


Dungeon Overview and Level Annotations

Branches:
Dungeon (6/15)
 Temple: D:4-7

Altars:


Innate Abilities, Weirdness & Mutations

You are small and have problems with some larger weapons.
You are carnivorous and can eat meat at any time.
You are partially covered in molten scales. (AC +1)
Scrolls take you a little longer to read.
You are dopey. (Int -2)


Message History

* * * LOW HITPOINT WARNING * * *
The centaur misses you.
Unknown command.
You hit the centaur.
The centaur is almost dead.
The centaur misses you.
Wield which item (- for none, * to show all)? (? for menu, Esc to quit)
b - 45 stones (in hand)
The centaur barely misses you.
Casting: Sandblast
Confirm with . or Enter, or press ? or * to list all spells.
Aiming: Sandblast
Press: ? - help, Shift-Dir - straight line, f/p - centaur
Aim: a centaur (almost dead)
The rocky blast hits the centaur.
The centaur is almost dead.
The centaur misses you.
Wield which item (- for none, * to show all)? (? for menu, Esc to quit)
You are now empty-handed.
The centaur hits you.
You die...

.....♣ ♣♣♣#.....#
.....$ .........#
...... ........#
......###......###
..................
..................
.....#....>....[..
..................
..........@c.##...
.........)...+ .
#####..#.....#
#..#.#+### .......
###!.... #..###.
... ##..


You could see a centaur.

Vanquished Creatures
  An ooze (D:3)
  An adder skeleton (D:4)
  An orc (D:5)
  A goblin (D:1)
  A hobgoblin (D:1)
  A bat (D:2)
  A giant newt (D:4)
  A kobold (D:1)
8 creatures vanquished.

Notes
Turn   | Place    | Note
-------+----------+-------------------------------------------
     0 | D:1      | 4thArraOfDagon the Kobold Earth Elementalist began the quest for the Orb.
     0 | D:1      | Reached XP level 1. HP: 10/10 MP: 3/3
   231 | D:3      | Reached skill level 1 in Unarmed Combat
   231 | D:3      | Reached XP level 2. HP: 4/15 MP: 0/5
   279 | D:4      | Noticed a scorpion
   288 | D:5      | Entered Level 5 of the Dungeon
   375 | D:5      | Noticed a centaur
   383 | D:5      | Gained mutation: You are dopey. (Int -2) [potion of mutation]
   383 | D:5      | Gained mutation: Scrolls take you a little longer to read. [potion of mutation]
   383 | D:5      | Gained mutation: You are partially covered in molten scales. (AC +1) [potion of mutation]
   391 | D:5      | Slain by a centaur

Vault maps used:
D:1:      saegor_arrival_simple_e
D:2:      uniq_jessica, uniq_robin, uniq_iyjb
D:3:      minmay_wonky_spiral, first_bread, uniq_grinder
D:4:      yredelemnul_forgotten_temple_becter, hex_tiny, feat_on_display
D:5:      nicolae_zen_rock_garden, fedhas_altar_fruit_tree, uniq_blork_the_orc
D:6:      basic_altar, grunt_gozag_statues

Skill      XL: |  1 |
---------------+----+-----
Unarmed Combat | 1 |  1.4
Dodging        | |  2.4
Stealth        | |  2.6
Spellcasting   | |  2.0
Transmutations | |  0.8
Earth Magic    | |  3.3

Action                   || total
-------------------------++-------
Melee: Unarmed           ||     8
 Cast: Sandblast         ||    18
  Use: Potion            ||     3
 Stab: Sleeping          ||     2
  Eat: Chunk             ||     5
Armor: Robe              ||     1
Dodge: Dodged            ||    19
